 Dungeon Crawl Stone Soup version 0.31-a0-692-gf03d1854d5 (webtiles) character file.

Game seed: 16488619930407444381

126 qw the Shooter (level 5, -8/32 HPs)
             Began as a Gargoyle Hunter on Sept 6, 2023.
             Shot with an arrow by a centaur (11 damage)
             ... on level 3 of the Dungeon.
             The game lasted 00:00:33 (1369 turns).

qw the Shooter (Gargoyle Hunter)                    Turns: 1369, Time: 00:00:33

Health: -8/32      AC:  7    Str: 14    XL:     5   Next: 9%
Magic:  5/5        EV: 11    Int: 10    God:
Gold:   108        SH:  0    Dex: 15    Spells: 4/4 levels left

rFire   . . .        Y - +0 shortbow (chaos)
rCold   . . .        (shield currently unavailable)
rNeg    + . .        c - +0 leather armour
rPois   inf          (no helmet)
rElec   +            (no cloak)
rCorr   .            (no gloves)
SInv    .            (no boots)
Will    .....        g - amulet of the acrobat
Stlth   ++           (no ring)
HPRegen 0.25/turn    (no ring)
MPRegen 0.09/turn

%: acrobat
@: no status effects
A: sickness immunity, AC +4, negative energy resistance 1, electricity
resistance, torment resistance 1, petrification resistance
a: no special abilities


You were on level 3 of the Dungeon.
You visited 1 branch of the dungeon, and saw 3 of its levels.

You collected 108 gold pieces.


Innate Abilities, Weirdness & Mutations

You are immune to sickness and miasma.
Your stone body is resilient. (AC +4)
You are immune to poison.
You resist negative energy. (rN+)
You are resistant to electric shocks. (rElec)
You are resistant to unholy torment.
You are immune to petrification.


   Skills:
 - Level 3.3 Fighting
 + Level 5.8 Ranged Weapons
 - Level 1.5 Dodging
 - Level 1.1 Stealth


You had 4 spell levels left.
You didn't know any spells.
Your spell library was empty.

Inventory:

Hand Weapons
 Y - a +0 shortbow of chaos (weapon)
Armour
 c - a +0 leather armour (worn)
Jewellery
 g - an amulet of the acrobat (around neck)
Scrolls
 d - a scroll of identify
Potions
 a - a potion of mutation {unknown}
 b - a potion of degeneration {unknown}
 e - a potion of haste {unknown}
 h - a potion of lignification {unknown}
 j - a potion of might {unknown}

Dungeon Overview and Level Annotations

Branches:
Dungeon (3/15)

Altars:
Ru

Shops:
D:1 [


Message History

As you read the scroll labelled TANKAIMEEP, it crumbles to dust.
It is a scroll of identify.
Done exploring.
1351 ||| READING scroll labelled YGA CATIOMURCH.
As you read the scroll labelled YGA CATIOMURCH, it crumbles to dust.
You feel strangely unstable.
It was a scroll of teleportation.
You start waiting.
Your surroundings suddenly seem different.
Done exploring.
What level of the Dungeon? (default 2, ? - help)
There is a stone staircase leading down here.
You climb downwards.
Found a leather armour.
There is a stone staircase leading up here.
Waypoint 2 assigned to D:3.
A centaur comes into view.
Found a book of Conjurations.
You shoot an arrow. The arrow hits the centaur.
The centaur is poisoned.
The centaur shouts!
The centaur is lightly wounded.
You shoot an arrow.
The arrow hits the centaur but does no damage.
The centaur is lightly wounded.
The centaur wields a +1 orcbow of freezing.
It is covered in frost.
The centaur shoots an arrow.
The arrow hits you. The arrow freezes you.
You shoot an arrow. The arrow hits the centaur.
The centaur seems to grow stronger.
The centaur is moderately wounded.
The centaur shoots an arrow.
The arrow barely misses you.
The centaur shoots an arrow.
The arrow hits you but does no damage.
You shoot an arrow.
The arrow hits the centaur but does no damage.
The centaur is moderately wounded.
The centaur shoots an arrow.
The arrow hits you. The arrow freezes you.
The centaur shoots an arrow.
The arrow hits you! The arrow freezes you.
You shoot an arrow.
The arrow completely misses the centaur.
The centaur shoots an arrow.
The arrow hits you!
You die...

.......#.##.##
.............##
..............:
...............
..............#
......#.......#
#...[..c....
#..@####
##.#....####
#..<........
#..####..###
#.. #.... #..#
#### ###


You could see a centaur (strong, very poisoned).

Vanquished Creatures
  Natasha (thrice) (D:2)
  An adder (D:2)
  A worm (D:2)
  2 dart slugs (D:1)
  2 bats (D:1)
  2 giant cockroaches (D:2)
  4 goblins
  3 hobgoblins
  5 jackals
  2 kobolds (D:2)
  2 ball pythons (D:1)
  11 rats
38 creatures vanquished.

Notes
Turn   | Place    | Note
-------+----------+-------------------------------------------
     0 | D:1      | qw the Gargoyle Hunter began the quest for the Orb.
     0 | D:1      | Reached XP level 1. HP: 12/12 MP: 1/1
     0 | D:1      | 0 ||| qw: Version: 0.3-a-76-g4403597
     0 | D:1      | 0 ||| qw: Game counter: 162
     0 | D:1      | 0 ||| qw: Melee chars always use a shield: true
     0 | D:1      | 0 ||| qw: God list: Okawaru
     0 | D:1      | 0 ||| qw: Allow faded altars: false
     0 | D:1      | 0 ||| qw: Do Orc after clearing Dungeon:15 true
     0 | D:1      | 0 ||| qw: Do second Lair branch before Depths: true
     0 | D:1      | 0 ||| qw: Lair rune preference: random
     0 | D:1      | 0 ||| qw: Goals: Normal
     0 | D:1      | 0 ||| PLANNING D:1-11
    63 | D:1      | Found a faded altar of an unknown god.
   167 | D:1      | Reached XP level 2. HP: 17/17 MP: 2/2
   181 | D:1      | Found Xosuolep's Armour Shoppe.
   189 | D:1      | 189 ||| SHOPLISTING +0 ring mail (52 gold, have 10).
   189 | D:1      | 189 ||| SHOPLISTING +0 ring mail of positive energy (104
                  | gold, have 10).
   189 | D:1      | 189 ||| SHOPLISTING +0 robe of cold resistance (100 gold,
                  | have 10).
   189 | D:1      | 189 ||| SHOPLISTING +1 leather armour of poison resistance
                  | (143 gold, have 10).
   684 | D:1      | 684 ||| READING scroll labelled PEUHUKKUT.
   685 | D:1      | 685 ||| READING scroll labelled PUSYED GUXZOYNN.
   686 | D:1      | 686 ||| READING scroll labelled PIZUVU ANLIRGHI.
   687 | D:1      | 687 ||| READING scroll labelled OMUSOR FO XEUF.
   688 | D:1      | 688 ||| DROPPING scroll of butterflies.
   701 | D:2      | 701 ||| STAIRDANCE
   732 | D:2      | Reached XP level 3. HP: 21/21 MP: 3/3
   751 | D:2      | Reached skill level 5 in Ranged Weapons
   856 | D:2      | Found a sacrificial altar of Ru.
   920 | D:2      | Noticed Natasha
   928 | D:2      | HP: 4/22 [Natasha (4)]
   930 | D:2      | Killed Natasha
   931 | D:2      | Reached skill level 3 in Fighting
   931 | D:2      | Reached XP level 4. HP: 3/28 MP: 4/4
   990 | D:2      | Noticed Natasha
  1003 | D:2      | Killed Natasha
  1013 | D:2      | Noticed Natasha
  1014 | D:2      | HP: 7/28 [Natasha/magic dart (7)]
  1024 | D:2      | Killed Natasha
  1025 | D:2      | Reached XP level 5. HP: 15/32 MP: 5/5
  1345 | D:2      | 1345 ||| UPGRADING to amulet of the acrobat.
  1350 | D:2      | 1350 ||| READING 2 scrolls labelled TANKAIMEEP.
  1351 | D:2      | 1351 ||| READING scroll labelled YGA CATIOMURCH.
  1364 | D:3      | Noticed a centaur
  1368 | D:3      | HP: 3/32 [centaur/arrow (6)]
  1369 | D:3      | Shot with an arrow by a centaur

Levels and vault maps discovered:
D:1:      lightli_arrival_lavapool, layout_loops_ring,
          hellmonk_ecumenical_altar_pennies_from_heaven, serial_shops, shop
D:2:      layout_rooms, basic_altar, uniq_natasha
D:3:      layout_rooms, nicolae_dithmenos_shadow_blocks

Skill      XL: |  1  2  3 |
---------------+----------+-----
Ranged Weapons | 5 |  5.8
Fighting       | 3 |  3.3
Dodging        | |  1.5
Stealth        | |  1.1

Action                     |  1- 3 |  4- 6 || total
---------------------------+-------+-------++-------
   Fire: Shortbow          |    91 |    37 ||   128
    Use: Scroll            |     4 |     2 ||     6
 Armour: Leather armour    |    31 |    14 ||    45
  Dodge: Dodged            |    22 |     6 ||    28

Table legend:
 A = Non-vault XP
 B = Vault XP
 C = Vault XP percentage of total XP
 D = Non-vault monster count
 E = Vault monster count
 F = Vault count percentage of total count
                 A         B        C        D         E       F
            +---------+---------+-------+---------+---------+-------
      Total |     144 |      36 |  20.0 |      37 |       1 |   2.6
            +---------+---------+-------+---------+---------+-------
        D:1 |      29 |       0 |   0.0 |      17 |       0 |   0.0
        D:2 |     115 |      36 |  23.8 |      20 |       1 |   4.8
            +---------+---------+-------+---------+---------+-------
